[Event "Cracovia Festival-A 2023"]
[Site "Krakow"]
[Date "2024.01.02"]
[Round "6.4"]
[White "Bogdanov, Egor"]
[Black "Polak, Tomas"]
[Result "1-0"]
[ECO "C24"]
[WhiteElo "2394"]
[BlackElo "2517"]
[Annotator "TA"]
[PlyCount "157"]
[EventDate "2023.12.24"]
[EventType "swiss"]
[EventCountry "POL"]
[SourceTitle "playchess.com"]
[Source "ChessBase"]
[SourceQuality "1"]
[TimeControl "40/5400+30:1800+30"]

1. e4 e5 2. Bc4 Nf6 3. d3 c6 4. Nf3 d5 5. Bb3 Bd6 6. Nc3 dxe4 7. Ng5 O-O 8. Ngxe4 Nxe4 9. Nxe4 Bf5 $1 10. Qf3 Bxe4 11. dxe4 Nd7 12. c3 {[%emt 0:00:13] The position is equal.} Nc5 13. Bc2 a5 14. O-O Qe7 15. Be3 Rfd8 16. Rad1 Bc7 17. Qg4 Ne6 (17... b5 $11) 18. Bb3 $16 {[%emt 0:04:57] White is more active.} a4 19. Bxe6 Qxe6 20. Qxe6 fxe6 21. Bg5 Rxd1 22. Rxd1 {[%emt 0:00:01][%mdl 4096] Endgame KRB-KRB} Rf8 23. Kf1 h6 24. Be7 Rf7 25. Bc5 b6 26. Be3 Kf8 27. b3 $1 axb3 28. axb3 Ke8 29. Ra1 Kd7 30. Ra8 c5 31. c4 Kc6 32. Ke2 Bd6 33. Bd2 Rf8 34. Rxf8 Bxf8 {[%emt 0:00:04] KB-KB} 35. Bc3 Kd6 36. g3 g6 37. Kd3 Be7 38. b4 ({White should try} 38. Bd2 $16) 38... Bd8 (38... cxb4 $11 {remains equal.} 39. Bxb4+ Kd7) 39. bxc5+ bxc5 40. Kc2 Bc7 $2 {[%emt 0:00:00][%mdl 8192] Loses the game.} (40... Bf6 $16 {was worth a try.}) 41. Kb3 $1 $18 h5 42. Ka4 Kc6 43. Ba5 {[%emt 0:01:22] Bxc7 would be deadly.} Bd6 44. Bd8 {[%emt 0:00:28] Prevents Be7.} Kd7 $2 (44... Bf8 45. Bg5 Bd6) 45. Bf6 Kc6 {[%emt 0:00:05] [#]} 46. Ka5 $1 Bb8 47. Ka6 Bc7 48. Be7 Bb8 49. Bd8 (49. f3 $142 {aiming for g4.} Bc7 50. h4) 49... Bd6 50. f3 (50. Ka7 $142 Kd7 51. Bg5) 50... Bf8 51. Bf6 Bd6 52. Ka7 Bc7 $2 (52... Kc7 53. Ka6 Kc6) 53. Be7 Ba5 {[%emt 0:01:09] [#]} 54. Kb8 $1 Bb6 55. Kc8 Ba5 56. Bd8 Bc3 57. Bc7 Bd4 58. Ba5 Bg1 59. h3 Bf2 60. g4 Bh4 61. Bc3 Kd6 62. Kb7 $2 (62. gxh5 gxh5 63. Kb7) 62... Bf2 $2 (62... hxg4 63. fxg4 Bg5) 63. Kb6 {[%emt 0:01:36] White is clearly winning.} Be3 64. Kb5 Bf4 65. Ba5 Bg5 66. Bb6 Be3 67. Bd8 Bd4 68. Bg5 Kd7 69. Bh6 Ke7 70. Kc6 Kf6 71. Kd7 {[%emt 0:02:44] Strongly threatening Ke8.} Kf7 72. Bg5 Bf2 73. Kd6 Bd4 74. Bh4 Bg1 75. Bg3 Kf6 76. Bxe5+ Kg5 77. Bg3 Kf6 78. Bh4+ Kf7 79. Bd8 {[%emt 0:01:00] Weighted Error Value: White=0.24 (precise) /Black=0.29 (precise)} 1-0

[Event "Cracovia Festival-A 2023"]
[Site "Krakow"]
[Date "2024.01.02"]
[Round "6.5"]
[White "Podolskyi, Mykhailo"]
[Black "Janik, Igor"]
[Result "1-0"]
[ECO "A41"]
[WhiteElo "2177"]
[BlackElo "2514"]
[Annotator "TA"]
[PlyCount "95"]
[EventDate "2023.12.24"]
[EventType "swiss"]
[EventCountry "POL"]
[SourceTitle "playchess.com"]
[Source "ChessBase"]
[SourceQuality "1"]
[TimeControl "40/5400+30:1800+30"]

1. d4 d6 2. c4 e5 3. Nc3 exd4 4. Qxd4 Nf6 5. Bg5 Be7 6. Nf3 h6 7. Bh4 Nc6 8. Qd2 {[%emt 0:03:56] The position is equal.} Be6 9. e3 O-O 10. Be2 Ne5 11. b3 Ng6 12. Bg3 Qc8 (12... d5 $11) 13. Nd4 $14 Bg4 14. Bd3 Ne5 15. Bc2 Rd8 ({Better is} 15... Nc6 $14) 16. f3 Bd7 17. O-O a6 18. Rfd1 {[%emt 0:09:06] White is more active.} c5 19. Nde2 Bc6 20. e4 b5 21. f4 Ng6 22. Nd5 Nxd5 23. cxd5 (23. exd5 Bd7 $11) 23... Bd7 24. b4 (24. Rac1 $14) 24... Bf6 $11 25. Rac1 ({Of course not} 25. e5 dxe5 26. Bxg6 exf4 27. Nxf4 (27. Bxf7+ Kxf7 28. Nxf4 Bg4 $17) 27... fxg6 28. Nxg6 Bf5 $17) 25... c4 $1 26. Nd4 Re8 27. Re1 Qc7 28. Nf3 Bg4 {[%emt 0:03:15] [#]} 29. e5 $1 dxe5 (29... Be7 30. Kh1) 30. d6 $36 {[%emt 0:00:21][%mdl 2048] Keeping Black busy.} Qd7 {[%emt 0:02:54] ...exf4 would be deadly.} 31. fxe5 Bxf3 $2 {[%emt 0:00:25] This costs Black the game.} (31... Bd8 $1 $14) 32. exf6 $18 Bb7 {[%emt 0:00:58] Black is weak on the dark squares} 33. Bxg6 ({Don't play} 33. fxg7 h5 34. Rcd1 c3 $18) 33... fxg6 (33... Rxe1+ $2 34. Rxe1 c3 35. Qxc3 $18) 34. Re7 Rxe7 35. fxe7 Re8 36. Re1 Kh7 (36... Bc6 {was called for.} 37. a3 Qf5) 37. Qf2 Bc6 38. Be5 {[%emt 0:01:46] [#] Hoping for Qf8.} Qe6 (38... Qf5 $142 39. Qb6 Ba8) 39. h3 (39. Qf8 $142 Qg8 40. Rf1) 39... Qd5 40. Re2 {[%emt 0:00:00] Qf8 is the strong threat.} Kg8 {[%emt 0:00:00] Repels Qf8+} 41. Kh2 h5 $2 (41... Bd7 42. Qa7 Bc8) 42. Qf4 {[%emt 0:00:51] And now Rf2 would win. White is clearly winning.} Qe6 43. Rf2 Kh7 44. h4 (44. Bxg7 $142 {White wants to mate with Qh6+.} Kxg7 45. Qf8+ Kh7 46. Rf7+ Qxf7 47. Qxf7+ Kh6 48. Qe6) 44... Rg8 45. Bc3 g5 46. Qf5+ Qxf5 47. Rxf5 gxh4 48. Rc5 {[%emt 0:00:39] Artfully played by Podolskyi.   Weighted Error Value: White=0.35/Black=0.30} 1-0

[Event "Cracovia Festival-A 2023"]
[Site "Krakow"]
[Date "2024.01.02"]
[Round "6.6"]
[White "Pajeken, Jakob Leon"]
[Black "Antolak, Julia"]
[Result "1-0"]
[ECO "B90"]
[WhiteElo "2428"]
[BlackElo "2287"]
[Annotator "RC"]
[PlyCount "51"]
[EventDate "2023.12.24"]
[EventType "swiss"]
[EventCountry "POL"]
[SourceTitle "playchess.com"]
[Source "ChessBase"]
[SourceQuality "1"]
[TimeControl "40/5400+30:1800+30"]

1. e4 c5 2. Nf3 d6 3. d4 cxd4 4. Nxd4 Nf6 5. Nc3 a6 6. Be3 Ng4 7. Bg5 h6 8. Bc1 Nc6 9. Be2 Nf6 10. Be3 e6 11. Qd2 Qc7 12. O-O-O Na5 13. f4 b5 14. e5 b4 15. Na4 Nd5 16. exd6 Bxd6 17. Nf5 Bf8 18. Bf3 b3 19. Bxd5 exd5 20. Nb6 Bb4 21. Nxg7+ Kf8 22. Qxb4+ Kxg7 23. axb3 Bf5 24. Rd2 Rae8 25. Bd4+ Kh7 26. Bxh8 1-0

[Event "Cracovia Festival-A 2023"]
[Site "Krakow"]
[Date "2024.01.02"]
[Round "6.7"]
[White "Balint, Peter"]
[Black "Pacan-Milej, Kosma"]
[Result "0-1"]
[ECO "B10"]
[WhiteElo "2187"]
[BlackElo "2425"]
[Annotator "RC"]
[PlyCount "170"]
[EventDate "2023.12.24"]
[EventType "swiss"]
[EventCountry "POL"]
[SourceTitle "playchess.com"]
[Source "ChessBase"]
[SourceQuality "1"]
[TimeControl "40/5400+30:1800+30"]

1. e4 c6 2. Nf3 d5 3. exd5 cxd5 4. d4 Nc6 5. c3 Nf6 6. Ne5 e6 7. Bb5 Bd7 8. Nxd7 Qxd7 9. O-O Bd6 10. Nd2 Qc7 11. Nf3 O-O 12. Bd3 Rab8 13. a4 a6 14. Qe2 Rfe8 15. Bg5 Nd7 16. Rad1 h6 17. Bc1 Bf4 18. Bxf4 Qxf4 19. g3 Qf6 20. Kg2 e5 21. dxe5 Ncxe5 22. Nxe5 Rxe5 23. Qg4 Nc5 24. Qd4 Nxd3 25. Qxd3 Rbe8 26. Rd2 Qc6 27. Qd4 Rf5 28. b3 Re4 29. Qd3 Qe6 30. Rfd1 h5 31. h4 Qg6 32. c4 dxc4 33. Qxe4 Rxf2+ 34. Kxf2 Qxe4 35. bxc4 Qxc4 36. Rd4 Qc5 37. Kg2 b5 38. axb5 axb5 39. Rd8+ Kh7 40. R1d2 b4 41. Rf2 Qc6+ 42. Kh2 f6 43. Rdd2 b3 44. Rb2 Qd5 45. Rbe2 f5 46. Rd2 Qc5 47. Rde2 Qc4 48. Rd2 Qc3 49. Rde2 Qc4 50. Rd2 Qb4 51. Rb2 Qc3 52. Rbe2 g6 53. Re7+ Kh6 54. Ree2 Qd4 55. Rd2 Qf6 56. Rde2 Qd4 57. Rd2 Qc4 58. Rb2 Qc3 59. Rbe2 Qf6 60. Rd2 g5 61. hxg5+ Kxg5 62. Rde2 Qc3 63. Kg2 h4 64. gxh4+ Kg4 65. Kg1 Qc1+ 66. Kh2 Qc7+ 67. Kg1 f4 68. Rg2+ Kf5 69. Rgf2 Qc1+ 70. Kh2 Qc3 71. h5 Qg3+ 72. Kh1 Qh3+ 73. Kg1 Qxh5 74. Rd2 Qg4+ 75. Kf1 Qh3+ 76. Kg1 Qc3 77. Kh2 f3 78. Kg3 Ke4 79. Kh2 Ke3 80. Rb2 Kf4 81. Kg1 Qe3 82. Rbd2 Kg3 83. Kf1 b2 84. Rg2+ fxg2+ 85. Rxg2+ Kf4 0-1

[Event "Cracovia Festival-A 2023"]
[Site "Krakow"]
[Date "2024.01.02"]
[Round "6.8"]
[White "Schwabeneder, Florian"]
[Black "Aakash Sharadchandra, Dalvi"]
[Result "0-1"]
[ECO "A06"]
[WhiteElo "2402"]
[BlackElo "2130"]
[Annotator "RC"]
[PlyCount "74"]
[EventDate "2023.12.24"]
[EventType "swiss"]
[EventCountry "POL"]
[SourceTitle "playchess.com"]
[Source "ChessBase"]
[SourceQuality "1"]
[TimeControl "40/5400+30:1800+30"]

1. Nf3 d5 2. g3 c6 3. Bg2 Bf5 4. O-O e6 5. d3 h6 6. c4 dxc4 7. dxc4 Nd7 8. Nc3 Ngf6 9. Be3 Be7 10. h3 Qc7 11. Qc1 e5 12. b3 O-O 13. Rd1 Rfd8 14. Qb2 Bc5 15. Bxc5 Nxc5 16. b4 Ne6 17. e3 a5 18. a3 e4 19. Nd4 Nxd4 20. exd4 axb4 21. axb4 Rxa1 22. Qxa1 e3 23. Qb2 exf2+ 24. Qxf2 Be6 25. d5 cxd5 26. Nxd5 Bxd5 27. cxd5 Ne8 28. Re1 Nd6 29. Kh2 Qc3 30. Qb6 Ra8 31. Re3 Qd2 32. Re7 Ra2 33. Qg1 Qxb4 34. Rd7 g6 35. Qe3 Qb2 36. Qf3 Qe5 37. Rd8+ Kg7 0-1

[Event "Cracovia Festival-A 2023"]
[Site "Krakow"]
[Date "2024.01.02"]
[Round "6.9"]
[White "Kulkarni Bhakti"]
[Black "Lewicki, Miroslaw"]
[Result "1/2-1/2"]
[ECO "D35"]
[WhiteElo "2364"]
[BlackElo "2321"]
[Annotator "RC"]
[PlyCount "85"]
[EventDate "2023.12.24"]
[EventType "swiss"]
[EventCountry "POL"]
[SourceTitle "playchess.com"]
[Source "ChessBase"]
[SourceQuality "1"]
[TimeControl "40/5400+30:1800+30"]

1. d4 d5 2. c4 e6 3. Nc3 Nf6 4. cxd5 exd5 5. Bg5 Be7 6. e3 Nbd7 7. Qc2 h6 8. Bh4 c6 9. Bd3 O-O 10. Nge2 Re8 11. O-O Nf8 12. f3 c5 13. Bxf6 Bxf6 14. dxc5 Rxe3 15. Rad1 Be6 16. Be4 Qa5 17. Nxd5 Bxd5 18. Bxd5 Rc8 19. Ng3 Rxc5 20. Qf2 Re7 21. Bb3 Bh4 22. f4 Rc8 23. Rd5 Qa6 24. Re5 Rec7 25. Qe3 Bf6 26. Rf5 Ne6 27. Rd1 Nc5 28. Nh5 Bxb2 29. Bxf7+ Kh8 30. Ng3 Bf6 31. Bg6 Ne6 32. Rxf6 gxf6 33. f5 Ng5 34. h4 Nf7 35. Bxf7 Rxf7 36. Qxh6+ Rh7 37. Qf4 Qxa2 38. Qd4 Qf7 39. Ne4 Rxh4 40. Nd6 Rxd4 41. Nxf7+ Kg7 42. Rxd4 Kxf7 43. Rd7+ 1/2-1/2

[Event "Cracovia Festival-A 2023"]
[Site "Krakow"]
[Date "2024.01.02"]
[Round "6.10"]
[White "Cieslak, Patryk"]
[Black "Sernecki, Franciszek"]
[Result "0-1"]
[ECO "B12"]
[WhiteElo "2284"]
[BlackElo "2325"]
[Annotator "RC"]
[PlyCount "88"]
[EventDate "2023.12.24"]
[EventType "swiss"]
[EventCountry "POL"]
[SourceTitle "playchess.com"]
[Source "ChessBase"]
[SourceQuality "1"]
[TimeControl "40/5400+30:1800+30"]

1. e4 c6 2. d4 d5 3. e5 Bf5 4. Nf3 e6 5. Be2 Ne7 6. O-O Nd7 7. c3 h6 8. Na3 c5 9. dxc5 Nc6 10. c4 Nxc5 11. Be3 Be7 12. Nd4 Nxd4 13. Bxd4 O-O 14. Rc1 Rc8 15. cxd5 Qxd5 16. Bc4 Qd8 17. Nc2 Ne4 18. Qe2 b5 19. Bd3 Rxc2 20. Rxc2 Qxd4 21. Bxe4 Bxe4 22. Rd1 Qxe5 23. f3 Bxc2 24. Qxe5 Bxd1 25. Qxb5 Bf6 26. Qa5 Bd4+ 27. Kh1 Bb6 28. Qc3 Rd8 29. h4 Rd4 30. Qe1 Bd8 31. Kg1 Rxh4 32. Kf2 Rd4 33. Qc3 e5 34. Qc8 g6 35. Qb8 Rd2+ 36. Ke1 Rd7 37. Qc8 Rd4 38. Qb8 Kg7 39. Qxa7 Bh4+ 40. Kf1 Bg3 41. Qc5 Rd2 42. Qe3 Rxb2 43. f4 Be2+ 44. Qxe2 Rb1+ 0-1

[Event "Cracovia Festival-A 2023"]
[Site "Krakow"]
[Date "2024.01.02"]
[Round "6.11"]
[White "Kozak, Antoni"]
[Black "Lukasiewicz, Krzysztof"]
[Result "1-0"]
[ECO "C65"]
[WhiteElo "2442"]
[BlackElo "2290"]
[Annotator "RC"]
[PlyCount "97"]
[EventDate "2023.12.24"]
[EventType "swiss"]
[EventCountry "POL"]
[SourceTitle "playchess.com"]
[Source "ChessBase"]
[SourceQuality "1"]
[TimeControl "40/5400+30:1800+30"]

1. e4 e5 2. Nf3 Nc6 3. Bb5 Nf6 4. d3 Bc5 5. c3 d5 6. Nxe5 Qd6 7. d4 Bb6 8. Nxc6 bxc6 9. e5 Qe6 10. Be2 Nd7 11. b4 f6 12. exf6 Nxf6 13. O-O O-O 14. Be3 a5 15. Nd2 axb4 16. cxb4 Ra3 17. Nb3 Ng4 18. Bc1 Ra4 19. a3 Qg6 20. Qd3 Qe8 21. Ra2 Bf5 22. Qg3 Nf6 23. Bd1 Ne4 24. Qe3 Qg6 25. f3 Nd6 26. Qf2 Nb5 27. Bb2 Rfa8 28. Ra1 R4a7 29. Na5 Bxa5 30. bxa5 Rxa5 31. a4 Nd6 32. Re1 Nc4 33. Bc3 R5a6 34. Re7 Qd6 35. Qe1 c5 36. Rxg7+ Kf8 37. dxc5 Qxc5+ 38. Kh1 Re6 39. Qg3 Nd6 40. Rg8+ Ke7 41. Qg7+ Nf7 42. Rxa8 Qc4 43. Bb3 Qxb3 44. Qf8+ Kd7 45. Qxf7+ Kd6 46. Qxf5 Qxc3 47. Rd8+ Kc5 48. Qxd5+ Kb4 49. Qb5# 1-0

[Event "Cracovia Festival-A 2023"]
[Site "Krakow"]
[Date "2024.01.02"]
[Round "6.12"]
[White "Golubka, Petro"]
[Black "Dziewonski, Dariusz"]
[Result "1/2-1/2"]
[ECO "A06"]
[WhiteElo "2440"]
[BlackElo "2224"]
[Annotator "RC"]
[PlyCount "128"]
[EventDate "2023.12.24"]
[EventType "swiss"]
[EventCountry "POL"]
[SourceTitle "playchess.com"]
[Source "ChessBase"]
[SourceQuality "1"]
[TimeControl "40/5400+30:1800+30"]

1. Nf3 d5 2. g3 Nf6 3. Bg2 e6 4. b3 Be7 5. Bb2 O-O 6. d3 b6 7. Nbd2 Bb7 8. O-O c5 9. e3 Nc6 10. c4 dxc4 11. Nxc4 Nb4 12. d4 cxd4 13. Bxd4 Be4 14. Nfe5 Bxg2 15. Kxg2 Qd5+ 16. Qf3 Rfd8 17. Rfd1 Qxf3+ 18. Kxf3 Nc2 19. Rac1 Nxd4+ 20. exd4 Rac8 21. Ne3 Ba3 22. Rxc8 Rxc8 23. d5 exd5 24. Nxd5 Nxd5 25. Rxd5 f6 26. Nc4 Bc5 27. Rd7 a6 28. a4 b5 29. axb5 axb5 30. Nd2 f5 31. Rb7 Rd8 32. Rxb5 Rxd2 33. Rxc5 Rd3+ 34. Kg2 Rxb3 35. Rxf5 g6 36. Ra5 h5 37. Ra7 Rb2 38. Kf3 Rc2 39. Rd7 Rb2 40. h4 Rc2 41. Re7 Ra2 42. Ke3 Rb2 43. f3 Rb4 44. Re4 Rb5 45. Kf4 Rf5+ 46. Ke3 Ra5 47. Rd4 Kg7 48. Kf4 Kf6 49. g4 hxg4 50. fxg4 Kg7 51. Rd7+ Kg8 52. Re7 Rb5 53. Re5 Rb7 54. Kg5 Kg7 55. Rd5 Ra7 56. Rb5 Rc7 57. Ra5 Rb7 58. h5 gxh5 59. gxh5 Kh7 60. h6 Rc7 61. Kh5 Rb7 62. Rg5 Ra7 63. Rg7+ Rxg7 64. hxg7 Kxg7 1/2-1/2

[Event "Cracovia Festival-A 2023"]
[Site "Krakow"]
[Date "2024.01.02"]
[Round "6.13"]
[White "Kowalczyk, Pawel"]
[Black "Cukrowski, Filip"]
[Result "0-1"]
[ECO "A00"]
[WhiteElo "2295"]
[BlackElo "2402"]
[Annotator "RC"]
[PlyCount "115"]
[EventDate "2023.12.24"]
[EventType "swiss"]
[EventCountry "POL"]
[SourceTitle "playchess.com"]
[Source "ChessBase"]
[SourceQuality "1"]
[TimeControl "40/5400+30:1800+30"]

1. a3 d5 2. d4 Nf6 3. Nf3 g6 4. Bf4 Bg7 5. e3 O-O 6. Nbd2 Nbd7 7. b4 Nh5 8. Bg5 Qe8 9. g4 Nhf6 10. Bf4 Nxg4 11. Bxc7 e5 12. h3 Nh6 13. Nb3 Nf5 14. Bb5 exd4 15. Nbxd4 Nxd4 16. Nxd4 Qe7 17. Bf4 Nf6 18. Qd3 Ne4 19. h4 a5 20. Rb1 axb4 21. axb4 h5 22. f3 Nd6 23. Kf2 Nf5 24. Ne2 Be6 25. Bg5 Qc7 26. Qd2 Ra3 27. Bd3 Qb6 28. Rhg1 Re8 29. c3 Qa7 30. Rb2 Nd6 31. Nd4 Qb6 32. Ra2 Rxa2 33. Qxa2 Nc4 34. Qc2 Ne5 35. Be2 Rc8 36. Bf4 Bd7 37. Rg5 Nc6 38. Nb5 Ne7 39. Nd6 Rc6 40. Nb5 Rc8 41. Nd6 Rxc3 42. Qa2 Qxb4 43. Qa8+ Nc8 44. Rxd5 Rc1 45. Rd1 Rxd1 46. Bxd1 Qd2+ 47. Be2 Bc3 48. Nxc8 Qe1+ 49. Kg2 Qxe2+ 50. Kg1 Qd1+ 51. Kg2 Qc2+ 52. Kg1 Qb1+ 53. Kg2 Qb2+ 54. Kg1 Qa1+ 55. Qxa1 Bxa1 56. Nb6 Be6 57. Kf2 Bf6 58. Ke2 0-1

[Event "Cracovia Festival-A 2023"]
[Site "Krakow"]
[Date "2024.01.02"]
[Round "6.14"]
[White "Sieciechowicz, Marcin"]
[Black "Ashwath, R.."]
[Result "1/2-1/2"]
[ECO "E20"]
[WhiteElo "2391"]
[BlackElo "2284"]
[Annotator "RC"]
[PlyCount "25"]
[EventDate "2023.12.24"]
[EventType "swiss"]
[EventCountry "POL"]
[SourceTitle "playchess.com"]
[Source "ChessBase"]
[SourceQuality "1"]
[TimeControl "40/5400+30:1800+30"]

1. d4 Nf6 2. c4 e6 3. Nc3 Bb4 4. f3 Nc6 5. e4 e5 6. a3 Bxc3+ 7. bxc3 d6 8. d5 Na5 9. Bd3 b6 10. Bg5 Ba6 11. Qe2 h6 12. Bh4 Rc8 13. Nh3 1/2-1/2

[Event "Cracovia Festival-A 2023"]
[Site "Krakow"]
[Date "2024.01.02"]
[Round "6.15"]
[White "Janeczko, Jakub"]
[Black "Baumegger, Siegfried"]
[Result "0-1"]
[ECO "B36"]
[WhiteElo "2283"]
[BlackElo "2388"]
[Annotator "RC"]
[PlyCount "134"]
[EventDate "2023.12.24"]
[EventType "swiss"]
[EventCountry "POL"]
[SourceTitle "playchess.com"]
[Source "ChessBase"]
[SourceQuality "1"]
[TimeControl "40/5400+30:1800+30"]

1. e4 c5 2. Nf3 Nc6 3. d4 cxd4 4. Nxd4 g6 5. c4 Nf6 6. Nc3 d6 7. f3 Bg7 8. Be3 O-O 9. Be2 Nd7 10. Qd2 Nc5 11. O-O Bd7 12. b3 Qa5 13. Rfd1 Nxd4 14. Bxd4 Bxd4+ 15. Qxd4 Bc6 16. Qe3 Qb6 17. Rab1 a5 18. a3 Na4 19. Qxb6 Nxb6 20. Kf2 Rfc8 21. Rdc1 Kf8 22. h4 h6 23. Ke3 e6 24. f4 Ke7 25. g3 h5 26. Ra1 Bd7 27. Kd4 Rc7 28. Nd1 Bc6 29. b4 axb4 30. axb4 Rcc8 31. Ne3 Nd7 32. Nd5+ Kd8 33. Nc3 b6 34. Ke3 Ke7 35. Bd3 f5 36. exf5 gxf5 37. Be2 Nf6 38. b5 Bb7 39. Na4 Rg8 40. Nxb6 Rxg3+ 41. Kd4 Rxa1 42. Rxa1 Ne4 43. Na4 Nd2 44. Bd1 Be4 45. Nc5 dxc5+ 46. Kxc5 Nb3+ 47. Bxb3 Rxb3 48. Ra7+ Kf6 49. Rd7 Rf3 50. Kb6 Rxf4 51. c5 Rf1 52. c6 Rc1 53. c7 f4 54. Rd6 Bf5 55. Rc6 Rxc6+ 56. Kxc6 e5 57. b6 Be4+ 58. Kd7 Bf5+ 59. Kd8 f3 60. b7 f2 61. b8=Q f1=Q 62. Qb6+ Kg7 63. Qd6 Bg4 64. Qe7+ Qf7 65. Qxe5+ Qf6+ 66. Qxf6+ Kxf6 67. Ke8 Be6 0-1

[Event "Cracovia Festival-A 2023"]
[Site "Krakow"]
[Date "2024.01.02"]
[Round "6.16"]
[White "Ernst, Robert"]
[Black "Akhvlediani, Irakli"]
[Result "1-0"]
[ECO "A09"]
[WhiteElo "2271"]
[BlackElo "2359"]
[Annotator "RC"]
[PlyCount "67"]
[EventDate "2023.12.24"]
[EventType "swiss"]
[EventCountry "POL"]
[SourceTitle "playchess.com"]
[Source "ChessBase"]
[SourceQuality "1"]
[TimeControl "40/5400+30:1800+30"]

1. Nf3 d5 2. c4 d4 3. b4 g5 4. Qb3 Bg7 5. Nxg5 e5 6. Qg3 Qe7 7. b5 f5 8. d3 c5 9. Nxh7 Be6 10. Ng5 Bc8 11. f4 e4 12. dxe4 fxe4 13. Nxe4 d3 14. Nbc3 Nf6 15. Qg6+ Kf8 16. Nxf6 Rh6 17. Qxd3 Qxf6 18. Bd2 Bg4 19. Rd1 Nd7 20. Nd5 Qh4+ 21. g3 Qh5 22. Ne3 Re8 23. Qd5 Bd4 24. Qxh5 Bxh5 25. Nf5 Bxe2 26. Bxe2 Rhe6 27. Nxd4 cxd4 28. Bb4+ Kg8 29. O-O Rxe2 30. Rxd4 Rxa2 31. Rxd7 Ree2 32. Rd2 Raxd2 33. Bxd2 Rxd2 34. Ra1 1-0

[Event "Cracovia Festival-A 2023"]
[Site "Krakow"]
[Date "2024.01.02"]
[Round "6.17"]
[White "Zdybel, Przemyslaw"]
[Black "Skytte, Rasmus"]
[Result "0-1"]
[ECO "B06"]
[WhiteElo "2180"]
[BlackElo "2337"]
[Annotator "RC"]
[PlyCount "62"]
[EventDate "2023.12.24"]
[EventType "swiss"]
[EventCountry "POL"]
[SourceTitle "playchess.com"]
[Source "ChessBase"]
[SourceQuality "1"]
[TimeControl "40/5400+30:1800+30"]

1. e4 g6 2. d4 Bg7 3. Nc3 d6 4. Be3 a6 5. Qd2 b5 6. h4 h6 7. O-O-O b4 8. Nce2 Nf6 9. f3 a5 10. g4 h5 11. gxh5 Nxh5 12. Nh3 Nc6 13. Kb1 Bd7 14. Ng5 a4 15. Nc1 Qb8 16. Rg1 e6 17. f4 Ne7 18. Bh3 d5 19. Nd3 Nf6 20. Ne5 Rxh4 21. f5 Rxh3 22. Nxd7 Kxd7 23. fxe6+ fxe6 24. Nxh3 Nxe4 25. Qd3 a3 26. b3 Nc3+ 27. Ka1 Nxd1 28. Qxd1 c5 29. Kb1 cxd4 30. Bxd4 Bxd4 31. Qxd4 Qh8 0-1

[Event "Cracovia Festival-A 2023"]
[Site "Krakow"]
[Date "2024.01.02"]
[Round "6.18"]
[White "Steindl, Johannes"]
[Black "Vasynda, Oleksandr"]
[Result "1-0"]
[ECO "B33"]
[WhiteElo "2334"]
[BlackElo "2153"]
[Annotator "RC"]
[PlyCount "111"]
[EventDate "2023.12.24"]
[EventType "swiss"]
[EventCountry "POL"]
[SourceTitle "playchess.com"]
[Source "ChessBase"]
[SourceQuality "1"]
[TimeControl "40/5400+30:1800+30"]

1. e4 c5 2. Nf3 Nc6 3. d4 cxd4 4. Nxd4 Nf6 5. Nc3 g6 6. Nxc6 dxc6 7. Qxd8+ Kxd8 8. Bc4 Ke8 9. e5 Nd7 10. e6 fxe6 11. Bxe6 Bg7 12. Be3 Nf8 13. Bb3 Be6 14. O-O-O Bxc3 15. bxc3 Kf7 16. Rd4 Bxb3 17. Rf4+ Ke8 18. axb3 Nd7 19. Re1 Rf8 20. Re4 Nf6 21. Re6 Kd7 22. Bc5 Ng8 23. R6e3 Rfe8 24. Rd3+ Kc7 25. Rh3 h6 26. f4 Rf8 27. Rg3 Rxf4 28. Rxg6 Rf7 29. g4 b6 30. Bd4 Rd8 31. b4 Kd7 32. Rd1 Kc8 33. Rxc6+ Kb7 34. Rg6 Nf6 35. Rf1 Rdf8 36. h3 Ne4 37. Rxf7 Rxf7 38. Rxh6 Rf1+ 39. Kb2 Nd2 40. Re6 Rb1+ 41. Ka2 Rc1 42. b5 Kc7 43. Rxe7+ Kd6 44. Rxa7 Rxc2+ 45. Ka1 Kd5 46. Ra2 Rc1+ 47. Kb2 Rh1 48. g5 Rh2 49. g6 Nc4+ 50. Kb3 Na5+ 51. Rxa5 bxa5 52. g7 Rg2 53. b6 a4+ 54. Ka3 Kc6 55. h4 Kb7 56. h5 1-0

[Event "Cracovia Festival-A 2023"]
[Site "Krakow"]
[Date "2024.01.02"]
[Round "6.19"]
[White "van der Merwe, Alexander"]
[Black "Suder, Jakub"]
[Result "0-1"]
[ECO "B33"]
[WhiteElo "2113"]
[BlackElo "2312"]
[Annotator "RC"]
[PlyCount "142"]
[EventDate "2023.12.24"]
[EventType "swiss"]
[EventCountry "POL"]
[SourceTitle "playchess.com"]
[Source "ChessBase"]
[SourceQuality "1"]
[TimeControl "40/5400+30:1800+30"]

1. e4 c5 2. Nf3 e6 3. d4 cxd4 4. Nxd4 Nc6 5. Nc3 Nf6 6. Ndb5 d6 7. Bf4 e5 8. Bg5 a6 9. Na3 Be6 10. Nc4 Rb8 11. Nd5 Bxd5 12. exd5 Ne7 13. Bxf6 gxf6 14. a4 Rc8 15. a5 Bg7 16. Nb6 Rc7 17. Qg4 O-O 18. Bd3 e4 19. Qxe4 f5 20. Qb4 Ng6 21. O-O-O Qf6 22. Kb1 Rd8 23. Rhe1 Rc5 24. c3 Ne5 25. Bf1 f4 26. f3 Qg6+ 27. Re4 Rc7 28. Ka2 Rc5 29. Na4 Rc7 30. Rxf4 Qc2 31. Qb3 Qg6 32. Re4 Qh6 33. h3 f5 34. Ree1 Qh4 35. Qb4 Qxb4 36. cxb4 Rc2 37. Kb3 Rdc8 38. Nc3 Rf2 39. Re2 Rxe2 40. Bxe2 Kf7 41. b5 Nd7 42. Na4 axb5 43. Bxb5 Nf6 44. Bd3 Ra8 45. Bxf5 Rxa5 46. Be6+ Kg6 47. Kb4 Ra8 48. Rc1 Nh5 49. Rc7 Nf4 50. Nc3 Nd3+ 51. Kb3 Be5 52. g4 Kg5 53. Rf7 Kh4 54. Rxh7+ Kg3 55. g5 Nf4 56. h4 b5 57. h5 b4 58. Na4 Ne2 59. Nb6 Nd4+ 60. Kxb4 Nc2+ 61. Kc4 Rb8 62. Nd7 Ne3+ 63. Kd3 Rb3+ 64. Ke2 Bf4 65. g6 Rxb2+ 66. Kd3 Rb3+ 67. Kd4 Nf1 68. g7 Nd2 69. g8=Q+ Kf2 70. Qg1+ Kxg1 71. Rg7+ Kf2 0-1

[Event "Cracovia Festival-A 2023"]
[Site "Krakow"]
[Date "2024.01.02"]
[Round "6.20"]
[White "Karolczuk, Iwo"]
[Black "Keinanen, Anastasia"]
[Result "1-0"]
[ECO "A08"]
[WhiteElo "2365"]
[BlackElo "2227"]
[Annotator "RC"]
[PlyCount "133"]
[EventDate "2023.12.24"]
[EventType "swiss"]
[EventCountry "POL"]
[SourceTitle "playchess.com"]
[Source "ChessBase"]
[SourceQuality "1"]
[TimeControl "40/5400+30:1800+30"]

1. Nf3 d5 2. g3 c5 3. Bg2 Nf6 4. O-O e6 5. c4 d4 6. e3 Nc6 7. exd4 cxd4 8. d3 Bd6 9. Na3 a6 10. Nc2 e5 11. Re1 O-O 12. b4 Re8 13. Rb1 h6 14. Nd2 Bf5 15. Qe2 Qd7 16. a4 Bf8 17. b5 axb5 18. axb5 Nd8 19. Qf1 Ra4 20. Nb3 Rxc4 21. dxc4 Bxc2 22. Rb2 d3 23. Rxc2 dxc2 24. Qe2 Bb4 25. Rf1 Ne6 26. Qxc2 Nd4 27. Qd3 Rd8 28. Nxd4 exd4 29. Bf4 b6 30. Ra1 Qe7 31. Bc6 g5 32. Bd2 Bxd2 33. Qxd2 Ng4 34. Bd5 Ne5 35. Kg2 d3 36. Re1 Qf6 37. f4 gxf4 38. Qxf4 Qxf4 39. gxf4 d2 40. Rd1 Nd3 41. Kf3 Kg7 42. Rxd2 Nb4 43. Rb2 Nxd5 44. Rd2 Rc8 45. cxd5 Kf6 46. d6 Ke6 47. d7 Rd8 48. Kg4 f6 49. Kh5 Kf5 50. Rd4 Ke6 51. Kxh6 Kf7 52. Kh7 f5 53. h4 Kf6 54. Rd6+ Kf7 55. Kh6 Ke7 56. Rxb6 Kxd7 57. Kg5 Ke7 58. h5 Kf7 59. h6 Kg8 60. Rc6 Kh7 61. Rc7+ Kh8 62. b6 Rg8+ 63. Kxf5 Rf8+ 64. Ke4 Re8+ 65. Kf3 Rg8 66. b7 Rg7 67. hxg7+ 1-0